General information
- name: BNet
- type: Ladder team game (AT/RT)
- host: Battle.net
- saver: InterspeciesSex
map: Slalom
- players: 8
- length: 25:39
- speed: Fast
- version: 1.26 W3XP
- replay type: Public
» download(114 KB)
Players
team 1 (winner)
Cubed (
teal | 24 APM | 9 actions | 00:22)
InterspeciesSex (
green | 71 APM | 1802 actions | 25:25)
6 Mountain King
3 Storm Bolt
2 Bash
1 Avatar
» actions
| Assign group hotkey | 21 | |
| Basic commands | 26 | |
| Build / train | 216 | |
| ESC pressed | 7 | |
| Enter build submenu | 157 | |
| Enter hero's abilities submenu | 6 | |
| Remove unit from queue | 3 | |
| Right click | 467 | |
| Select / deselect | 486 | |
| Select group hotkey | 224 | |
| Use ability | 189 | |
1802 total
» units
| Peasant | 40 | |
| Peon | 22 | |
| Ghoul | 6 | |
| Acolyte | 1 | |
| Gryphon Rider | 7 | |
| Frost Wyrm | 4 | |
80 total
» upgrades
| Masonry | 6 | |
| Spiked Barricades | 3 | |
| Creature Attack | 3 | |
| Creature Carapace | 3 | |
| Reinforced Defenses | 1 | |
| Swords | 3 | |
| Armor | 3 | |
| Storm Hammers | 1 | |
| Ghoul Frenzy | 1 | |
| Backpack | 1 | |
| Freezing Breath | 1 | |
26 total
» buildings
| Altar of Kings | 3 | |
| Farm | 8 | |
| Lumber Mill | 2 | |
| Graveyard | 1 | |
| War Mill | 1 | |
| Orc Burrow | 2 | |
| Crypt | 1 | |
| Ziggurat | 16 | |
| Scout Tower | 60 | |
| Guard Tower | 64 | |
| Watch Tower | 35 | |
| Spirit Tower | 20 | |
| Halls of the Dead | 2 | |
| Necropolis | 1 | |
| Keep | 2 | |
| Stronghold | 1 | |
| Castle | 3 | |
| Altar of Darkness | 1 | |
| Town Hall | 2 | |
| Altar of Storms | 1 | |
| Black Citadel | 1 | |
| Fortress | 1 | |
| Gryphon Aviary | 4 | |
| Tomb of Relics | 1 | |
| Sacrificial Pit | 1 | |
| Blacksmith | 2 | |
| Boneyard | 2 | |
| Arcane Sanctum | 1 | |
| Arcane Vault | 1 | |
240 total
» build order
00:05 Altar of Kings
00:08 Farm
00:24 Lumber Mill
00:35 Lumber Mill
00:43 Graveyard
00:50 War Mill
01:01 Orc Burrow
01:09 Crypt
01:13 Ziggurat
01:32 Scout Tower
01:33 Scout Tower
01:39 Scout Tower
01:40 Scout Tower
01:49 Scout Tower
01:50 Scout Tower
01:51 Scout Tower
01:53 Scout Tower
01:58 Ziggurat
01:59 Ziggurat
02:00 Ziggurat
02:07 Guard Tower
02:13 Guard Tower
02:23 Guard Tower
02:28 Farm
02:41 Watch Tower
02:42 Watch Tower
02:48 Guard Tower
02:56 Guard Tower
03:06 Spirit Tower
03:17 Farm
03:30 Scout Tower
03:31 Scout Tower
03:32 Scout Tower
03:33 Scout Tower
03:36 Scout Tower
03:47 Spirit Tower
03:47 Spirit Tower
03:47 Spirit Tower
04:03 Guard Tower
04:03 Guard Tower
04:04 Guard Tower
04:04 Guard Tower
04:08 Scout Tower
04:09 Scout Tower
04:11 Scout Tower
04:14 Scout Tower
04:26 Watch Tower
04:27 Watch Tower
04:29 Watch Tower
04:31 Watch Tower
04:42 Farm
04:47 Halls of the Dead
04:52 Guard Tower
04:52 Guard Tower
04:58 Scout Tower
05:06 Scout Tower
05:14 Guard Tower
05:27 Necropolis
05:36 Watch Tower
05:38 Watch Tower
05:40 Watch Tower
05:43 Watch Tower
05:50 Guard Tower
05:52 Scout Tower
05:53 Scout Tower
05:55 Scout Tower
05:57 Scout Tower
05:59 Scout Tower
06:00 Guard Tower
06:02 Scout Tower
06:03 Scout Tower
06:05 Scout Tower
06:16 Orc Burrow
06:22 Keep
06:25 Guard Tower
06:26 Guard Tower
06:26 Guard Tower
06:27 Guard Tower
06:27 Guard Tower
06:28 Guard Tower
06:32 Scout Tower
06:34 Scout Tower
06:35 Scout Tower
06:37 Scout Tower
06:39 Scout Tower
06:42 Scout Tower
06:45 Guard Tower
06:45 Guard Tower
06:50 Guard Tower
06:57 Scout Tower
07:12 Farm
07:15 Guard Tower
07:15 Guard Tower
07:16 Guard Tower
07:16 Guard Tower
07:26 Guard Tower
07:28 Scout Tower
07:30 Scout Tower
07:30 Guard Tower
07:32 Scout Tower
07:34 Halls of the Dead
07:52 Scout Tower
08:04 Keep
08:13 Guard Tower
08:23 Guard Tower
08:35 Scout Tower
08:37 Scout Tower
08:45 Scout Tower
08:54 Scout Tower
09:01 Scout Tower
09:06 Guard Tower
09:06 Guard Tower
09:25 Scout Tower
09:27 Scout Tower
09:31 Scout Tower
09:31 Guard Tower
09:36 Altar of Kings
09:39 Farm
09:43 Ziggurat
09:44 Ziggurat
09:47 Ziggurat
09:51 Ziggurat
09:53 Ziggurat
09:56 Ziggurat
10:06 Watch Tower
10:09 Watch Tower
10:11 Watch Tower
10:13 Watch Tower
10:16 Stronghold
10:28 Guard Tower
10:28 Guard Tower
10:28 Guard Tower
10:31 Scout Tower
10:33 Scout Tower
10:35 Scout Tower
10:36 Scout Tower
10:39 Scout Tower
10:42 Scout Tower
10:44 Scout Tower
10:48 Spirit Tower
10:48 Spirit Tower
10:50 Spirit Tower
10:50 Spirit Tower
10:56 Castle
11:16 Watch Tower
11:19 Watch Tower
11:22 Watch Tower
11:23 Watch Tower
11:26 Watch Tower
11:29 Ziggurat
11:31 Ziggurat
11:32 Ziggurat
11:37 Guard Tower
11:37 Guard Tower
11:40 Scout Tower
11:43 Scout Tower
11:58 Altar of Darkness
12:22 Guard Tower
12:30 Town Hall
12:33 Scout Tower
12:36 Scout Tower
12:43 Altar of Kings
12:46 Scout Tower
12:47 Scout Tower
12:51 Spirit Tower
12:57 Ziggurat
12:58 Ziggurat
12:59 Ziggurat
13:01 Watch Tower
13:03 Watch Tower
13:05 Watch Tower
13:07 Watch Tower
13:10 Altar of Storms
13:33 Guard Tower
13:40 Guard Tower
13:46 Castle
13:54 Spirit Tower
13:59 Spirit Tower
13:59 Spirit Tower
14:10 Watch Tower
14:12 Watch Tower
14:22 Black Citadel
14:29 Fortress
14:47 Gryphon Aviary
14:49 Gryphon Aviary
14:51 Gryphon Aviary
14:54 Gryphon Aviary
14:57 Guard Tower
14:58 Guard Tower
15:13 Watch Tower
15:16 Watch Tower
15:17 Watch Tower
15:20 Watch Tower
15:49 Tomb of Relics
15:52 Sacrificial Pit
16:01 Blacksmith
16:03 Blacksmith
16:29 Watch Tower
16:34 Watch Tower
16:38 Watch Tower
16:42 Watch Tower
16:51 Boneyard
16:53 Boneyard
17:40 Farm
17:44 Farm
18:16 Town Hall
18:42 Watch Tower
18:44 Watch Tower
20:20 Scout Tower
22:28 Guard Tower
24:38 Arcane Sanctum
25:15 Arcane Vault
team 2 (loser)

»
toxic_117 (
pink | 37 APM | 718 actions | 19:35)
4 Demon Hunter
2 Immolation
2 Evasion
» actions
| Build / train | 69 | |
| Enter build submenu | 25 | |
| Enter hero's abilities submenu | 4 | |
| Give item / drop item | 2 | |
| Remove unit from queue | 2 | |
| Right click | 284 | |
| Select / deselect | 268 | |
| Use ability | 64 | |
718 total
» units
| Wisp | 25 | |
| Glaive Thrower | 7 | |
| Druid of the Claw | 2 | |
| Mountain Giant | 3 | |
| Dryad | 5 | |
42 total
» upgrades
| Strength of the Moon | 3 | |
| Vorpal Blades | 1 | |
| Druid of the Claw Training | 2 | |
| Strength of the Wild | 2 | |
| Reinforced Hides | 3 | |
| Hardened Skin | 1 | |
| Resistant Skin | 1 | |
| Abolish Magic | 1 | |
14 total
» buildings
| Altar of Elders | 2 | |
| Moon Well | 8 | |
| Ancient of War | 2 | |
| Ancient of Wonders | 1 | |
| Hunter's Hall | 1 | |
| Tree of Life | 1 | |
| Ancient Protector | 4 | |
| Tree of Ages | 1 | |
| Ancient of Lore | 2 | |
| Tree of Eternity | 1 | |
23 total
» build order
01:45 Altar of Elders
02:01 Moon Well
02:05 Altar of Elders
02:09 Ancient of War
02:18 Moon Well
02:40 Moon Well
03:21 Ancient of Wonders
04:16 Hunter's Hall
05:22 Tree of Life
06:56 Ancient Protector
06:58 Ancient Protector
07:00 Ancient Protector
07:03 Tree of Ages
07:08 Ancient Protector
09:09 Moon Well
09:21 Ancient of War
09:37 Ancient of Lore
10:06 Moon Well
10:13 Ancient of Lore
10:38 Moon Well
11:11 Tree of Eternity
12:44 Moon Well
18:22 Moon Well
» items
| Boots of Speed | 1 | |
| Staff of Teleportation | 1 | |
| Periapt of Vitality | 1 | |
| Moonstone | 1 | |
4 total
MasonicLodgeMan (
yellow | 49 APM | 1257 actions | 25:25)
3 Crypt Lord
2 Carrion Beetles
1 Spiked Carapace
» actions
| Basic commands | 22 | |
| Build / train | 47 | |
| Enter build submenu | 27 | |
| Enter hero's abilities submenu | 3 | |
| Right click | 802 | |
| Select / deselect | 324 | |
| Use ability | 32 | |
1257 total
» units
| Acolyte | 8 | |
| Ghoul | 8 | |
| Nerubian Webspinner | 1 | |
| Obsidian Statue | 2 | |
| Frost Wyrm | 7 | |
| Meatwagon | 2 | |
28 total
» upgrades
| Creature Attack | 2 | |
| Freezing Breath | 1 | |
| Creature Carapace | 2 | |
5 total
» buildings
| Ziggurat | 12 | |
| Altar of Darkness | 1 | |
| Tomb of Relics | 1 | |
| Graveyard | 1 | |
| Crypt | 1 | |
| Spirit Tower | 6 | |
| Necropolis | 2 | |
| Halls of the Dead | 1 | |
| Black Citadel | 1 | |
| Sacrificial Pit | 1 | |
| Slaughterhouse | 1 | |
| Boneyard | 4 | |
32 total
» build order
00:10 Ziggurat
00:13 Altar of Darkness
00:26 Tomb of Relics
00:38 Ziggurat
01:49 Graveyard
02:22 Crypt
04:42 Ziggurat
04:52 Ziggurat
05:33 Spirit Tower
05:43 Spirit Tower
05:48 Necropolis
06:01 Ziggurat
06:09 Ziggurat
06:25 Ziggurat
07:04 Spirit Tower
07:32 Spirit Tower
07:42 Halls of the Dead
08:59 Ziggurat
09:03 Ziggurat
09:06 Ziggurat
09:59 Spirit Tower
11:47 Black Citadel
11:54 Sacrificial Pit
12:08 Slaughterhouse
12:31 Necropolis
12:42 Ziggurat
12:46 Ziggurat
13:43 Spirit Tower
14:17 Boneyard
14:26 Boneyard
14:34 Boneyard
14:38 Boneyard
» items
| Rod of Necromancy | 1 | |
| Sacrificial Skull | 1 | |
2 total
KingOfThisGame (
purple | 54 APM | 1367 actions | 25:25)
4 Archmage
2 Summon Water Elemental
2 Brilliance Aura
3 Blood Mage
2 Banish
1 Flame Strike
2 Pit Lord
1 Rain of Fire
1 Cleaving Attack
» actions
| Assign group hotkey | 118 | |
| Basic commands | 124 | |
| Build / train | 74 | |
| Enter build submenu | 23 | |
| Enter hero's abilities submenu | 9 | |
| Give item / drop item | 6 | |
| Remove unit from queue | 2 | |
| Right click | 545 | |
| Select / deselect | 269 | |
| Select group hotkey | 136 | |
| Use ability | 61 | |
1367 total
» units
| Peasant | 20 | |
| Footman | 3 | |
| Gryphon Rider | 8 | |
31 total
» upgrades
| Lumber Harvesting | 2 | |
| Storm Hammers | 1 | |
| Swords | 3 | |
| Armor | 3 | |
| Animal War Training | 1 | |
10 total
» buildings
| Altar of Kings | 1 | |
| Barracks | 1 | |
| Farm | 8 | |
| Arcane Vault | 1 | |
| Keep | 1 | |
| Town Hall | 3 | |
| Lumber Mill | 2 | |
| Castle | 1 | |
| Gryphon Aviary | 3 | |
| Blacksmith | 2 | |
23 total
» build order
00:54 Altar of Kings
01:06 Barracks
01:07 Farm
01:10 Farm
01:11 Farm
02:33 Farm
03:09 Arcane Vault
04:33 Keep
04:36 Town Hall
04:48 Lumber Mill
07:09 Town Hall
09:43 Castle
10:06 Gryphon Aviary
10:07 Gryphon Aviary
10:07 Gryphon Aviary
14:15 Farm
14:15 Farm
14:24 Blacksmith
14:25 Blacksmith
15:22 Farm
15:32 Town Hall
16:36 Lumber Mill
» items
| Scroll of Regeneration | 2 | |
| Periapt of Vitality | 4 | |
| Boots of Speed | 1 | |
| Staff of Teleportation | 2 | |
| Scroll of Town Portal | 6 | |
| Potion of Lesser Invulnerability | 1 | |
| Orb of Corruption | 1 | |
17 total

»
kingsman327 (
orange | 21 APM | 460 actions | 21:49)
5 Dreadlord
3 Carrion Swarm
2 Vampiric Aura
3 Crypt Lord
1 Carrion Beetles
2 Impale
» actions
| Build / train | 57 | |
| Enter build submenu | 20 | |
| Enter hero's abilities submenu | 8 | |
| Give item / drop item | 1 | |
| Right click | 168 | |
| Select / deselect | 173 | |
| Use ability | 33 | |
460 total
» units
| Acolyte | 7 | |
| Ghoul | 14 | |
| Crypt Fiend | 6 | |
| Meatwagon | 5 | |
32 total
» upgrades
| Unholy Strength | 3 | |
| Unholy Armor | 1 | |
| Web | 1 | |
| Disease Cloud | 1 | |
| Creature Attack | 1 | |
| Freezing Breath | 1 | |
8 total
» buildings
| Ziggurat | 9 | |
| Altar of Darkness | 1 | |
| Crypt | 1 | |
| Nerubian Tower | 4 | |
| Graveyard | 1 | |
| Tomb of Relics | 1 | |
| Halls of the Dead | 1 | |
| Slaughterhouse | 2 | |
| Spirit Tower | 1 | |
| Black Citadel | 1 | |
| Sacrificial Pit | 1 | |
| Boneyard | 2 | |
25 total
» build order
00:08 Ziggurat
00:11 Altar of Darkness
00:17 Crypt
01:00 Nerubian Tower
01:14 Ziggurat
02:06 Graveyard
02:12 Nerubian Tower
02:53 Ziggurat
03:47 Nerubian Tower
04:07 Ziggurat
05:08 Nerubian Tower
05:17 Tomb of Relics
06:03 Halls of the Dead
07:15 Ziggurat
07:23 Ziggurat
07:26 Ziggurat
10:03 Slaughterhouse
10:11 Slaughterhouse
10:56 Spirit Tower
12:38 Black Citadel
16:29 Ziggurat
16:40 Ziggurat
16:53 Sacrificial Pit
18:48 Boneyard
20:46 Boneyard
Chat log
(00:29 / All) KingOfThisGame: By royal decree you are hereby ordered to lay down thine arms
(00:48 / All) KingOfThisGame: Failuer to comply with this demand will result in your most gruesome and horryifying termination
(08:43 / All) InterspeciesSex: this is mordor, one cannot simply enter it
(08:58 / All) InterspeciesSex: i see your artificial noob elf night
(15:41 / All) InterspeciesSex: this is a tower defence map right
(15:46 / All) InterspeciesSex: or did i enter the wrong game type?
(17:56 / All) InterspeciesSex: pink,
(17:59 / All) InterspeciesSex: one does not simply enter mordor
(18:02 / All) InterspeciesSex: fool
(18:52 / All) InterspeciesSex: nice ground
(18:54 / All) InterspeciesSex: lmao
(19:02 / All) toxic_117: nice 1-1 gryphs
(19:03 / All) toxic_117: lmao
(19:16 / All) InterspeciesSex: i do have nice double upgrades right now
(19:29 / All) toxic_117: um nevermind
(19:32 / All) toxic_117: gg purples a fag
(19:35 / All) InterspeciesSex: gg
(21:38 / All) kingsman327: well u win green
(21:41 / All) InterspeciesSex: gg
(21:42 / All) InterspeciesSex: gg
(21:42 / All) kingsman327: purp is tk
(21:43 / All) InterspeciesSex: gg
(21:44 / All) InterspeciesSex: gg
(21:44 / All) InterspeciesSex: gg
(21:45 / All) InterspeciesSex: gg
(21:46 / All) InterspeciesSex: gg
(21:46 / All) InterspeciesSex: gg
(21:47 / All) InterspeciesSex: gg
(21:49 / All) InterspeciesSex: and you cannot simply enter
(21:51 / All) InterspeciesSex: GAME PAUSED
(21:53 / All) InterspeciesSex: GAME RESUMED
(21:55 / All) InterspeciesSex: GAME PAUSED
(21:55 / All) InterspeciesSex: GAME RESUMED
(22:38 / All) InterspeciesSex: wtf were teal's wyrms doing jesus christ
(22:52 / All) InterspeciesSex: AMOVEAMOVEAMOVE
(23:13 / All) InterspeciesSex: ez
(23:44 / All) InterspeciesSex: Ez
(23:45 / All) InterspeciesSex: ez
(23:46 / All) InterspeciesSex: ez
(23:46 / All) InterspeciesSex: ez
(23:55 / All) InterspeciesSex: leave yellow, you were humiliated 1v4
(23:59 / All) InterspeciesSex: there is no excuse
(24:09 / All) InterspeciesSex: no "mass towers op" or "blackstabbers on my team" shall save you
(24:23 / All) KingOfThisGame: He speaking to you in allies
(24:28 / All) InterspeciesSex: nice
(24:32 / All) InterspeciesSex: I must see your chat log after
(25:04 / All) InterspeciesSex: sick dryads
(25:25 / All) KingOfThisGame: mine